 Dungeon Crawl Stone Soup version 0.21.1-1-g345015fe64 (webtiles) character file.

117 Naru the Skirmisher (level 5, -6/47 HPs)
             Began as a Hill Orc Fighter on June 20, 2018.
             Mangled by Sigmund
             ... wielding a +0 scythe
              (7 damage)
             ... on level 2 of the Dungeon.
             The game lasted 00:02:39 (1356 turns).

Naru the Skirmisher (Hill Orc Fighter)              Turns: 1356, Time: 00:02:39

Health: -6/47      AC: 13    Str: 24    XL:     5   Next: 1%
Magic:  5/5        EV:  6    Int:  9    God:
Gold:   148        SH:  9    Dex: 10    Spells: 4/4 levels left

rFire    . . .     SeeInvis .   a - +0 war axe
rCold    . . .     Gourm    .   c - +0 shield
rNeg     . . .     Faith    .   n - +4 chain mail {MR+}
rPois    .         Spirit   .   (no helmet)
rElec    .         Reflect  .   (no cloak)
rCorr    .         Harm     .   (no gloves)
MR       +....                  (no boots)
Stlth    ..........             (no amulet)
HPRegen  0.15/turn              (no ring)
MPRegen  0.09/turn              (no ring)

@: mighty, hasted, very quick
A: no striking features
a: no special abilities


You were on level 2 of the Dungeon.
You were hungry.

You visited 1 branch of the dungeon, and saw 2 of its levels.

You collected 148 gold pieces.

Inventory:

Hand Weapons
 a - a +0 war axe (weapon)
Armour
 c - a +0 shield (worn)
 n - a +4 chain mail of magic resistance (worn)
Magical Staves
 k - an uncursed staff of power
Scrolls
 e - 2 scrolls of teleportation {unknown}
 h - a scroll of remove curse
Potions
 j - a potion of brilliance {unknown}
 m - a potion of heal wounds {unknown}
Comestibles
 f - 2 rations


   Skills:
 * Level 4.9 Fighting
 * Level 4.4 Axes
 + Level 3.8 Armour
 + Level 0.2 Dodging
 + Level 3.7 Shields


You had 4 spell levels left.
You didn't know any spells.

Dungeon Overview and Level Annotations

Branches:
Dungeon (2/15)

Altars:
Sif Muna

Annotations:
D:2 Sigmund


Message History

You slash something! Something hits you.
You closely miss something. You block something's attack.
You closely miss something. Something hits you.
You closely miss something. Something hits you but does no damage.
You miss something. Something hits you.
You slash something!
You hear some strange, mumbled words.
A magic dart appears from out of thin air!
The magic dart hits you!
You barely miss something. Something hits you.
* * * LOW HITPOINT WARNING * * *
You barely miss something. Something hits you but does no damage.
You miss something. Something hits you.
* * * LOW HITPOINT WARNING * * *
You barely miss something. Something hits you.
* * * LOW HITPOINT WARNING * * *
It was a potion of haste.
You feel yourself speed up.
Okay, then.
It was a potion of magic.
Magic courses through your body. Something hits you!
You die...

#.. #.# #.# #.#
#.# #.#
#####.#######
#...........#
#@###.#####.######
#{# #.# #.#.....
#.# #.### #.#.####
#.# #...# #.#.#
#.# ###.# #.#.#
#.# #.###.#.####
#.# #.##..<.....
#.#####.##..#.###.
#...........#.###.


There were no monsters in sight!

Vanquished Creatures
  Terence (D:2)
  3 adders (D:2)
  An ooze (D:1)
  2 worms (D:2)
  3 dart slugs (D:1)
  3 giant cockroaches
  6 goblins
  8 hobgoblins
  4 jackals (D:2)
  5 bats
  3 frilled lizards
  5 kobolds
  5 rats
49 creatures vanquished.

Notes
Turn   | Place    | Note
-------+----------+-------------------------------------------
     0 | D:1      | Naru the Hill Orc Fighter began the quest for the Orb.
     0 | D:1      | Reached XP level 1. HP: 19/19 MP: 1/1
     0 | D:1      | Noticed a tentacled monstrosity
     0 | D:1      | Noticed a large abomination
     2 | D:1      | Noticed a black draconian
     2 | D:1      | Noticed a large abomination
     4 | D:1      | Noticed a shadow dragon
     5 | D:1      | Noticed a shadow dragon
     6 | D:1      | Noticed an ice dragon
     7 | D:1      | Noticed a shadow dragon
    12 | D:1      | Noticed an iron dragon
    12 | D:1      | Noticed an ice dragon
    16 | D:1      | Noticed an orb of fire
    18 | D:1      | Noticed an orb of fire
    91 | D:1      | Reached XP level 2. HP: 27/27 MP: 2/2
   312 | D:1      | Reached XP level 3. HP: 31/33 MP: 3/3
   645 | D:2      | Reached XP level 4. HP: 39/41 MP: 4/4
   669 | D:2      | Noticed Terence
   691 | D:2      | Killed Terence
   911 | D:2      | Found a deep blue altar of Sif Muna.
  1071 | D:2      | Reached XP level 5. HP: 40/47 MP: 5/5
  1334 | D:2      | Noticed Sigmund
  1354 | D:2      | HP: 1/47 [something (5)]
  1356 | D:2      | Mangled by Sigmund

Skill      XL: |  1  2  3  4 |
---------------+-------------+-----
Fighting       | 4 |  4.9
Axes           | 3 4 |  4.4
Armour         | |  3.8
Dodging        | |  0.2
Shields        | |  3.7

Action                   |  1- 3 |  4- 6 || total
-------------------------+-------+-------++-------
Melee: War axe           |    85 |    81 ||   166
  Use: Scroll            |       |     2 ||     2
       Potion            |       |     3 ||     3
  Eat: Chunk             |       |     1 ||     1
Armor: Scale mail        |    37 |     6 ||    43
       Chain mail        |       |    26 ||    26
Dodge: Dodged            |    27 |    20 ||    47
Block: Shield            |    48 |    22 ||    70
